 Dungeon Crawl Stone Soup version 0.31-a0-1236-gaa9e43cceb (webtiles) character file.

Game seed: 17817826376462105108

147 Ivernyr the Shield-Bearer (level 5, 0/42 HPs)
             Began as a Formicid Fighter on Dec 15, 2023.
             Slain by a gnoll
             ... wielding a +0 halberd
              (5 damage)
             ... on level 3 of the Dungeon.
             The game lasted 00:05:42 (1880 turns).

Ivernyr the Shield-Bearer (Formicid Fighter)        Turns: 1880, Time: 00:05:43

Health: 0/42       AC:  7    Str: 23    XL:     5   Next: 55%
Magic:  5/5        EV:  9    Int:  7    God:
Gold:   170        SH:  5    Dex: 13    Spells: 4/4 levels left

rFire   . . .        a - +0 quarterstaff
rCold   . . .        c - +0 buckler
rNeg    . . .        b - +0 scale mail
rPois   .            (helmet unavailable)
rElec   .            (no cloak)
rCorr   .            (no gloves)
SInv    +            (no boots)
Will    .....        (no amulet) Stlth
                     (no ring)
HPRegen 0.27/turn    (no ring)
MPRegen 0.09/turn

%: no passive effects
@: no status effects
A: permanent stasis, dig shafts and tunnels, antennae 3, four strong arms
a: Dig, Shaft Self


You were on level 3 of the Dungeon.
You visited 1 branch of the dungeon, and saw 3 of its levels.

You collected 170 gold pieces.

Inventory:

Hand Weapons
 a - a +0 quarterstaff (weapon)
Armour
 b - a +0 scale mail (worn)
 c - a +0 buckler (worn)
Scrolls
 e - a scroll of torment {unknown}
 h - a scroll of identify {unknown}
 j - a scroll of revelation {unknown}
 k - 2 scrolls of teleportation {unknown}
 m - a scroll of amnesia {unknown}
Potions
 d - a potion of might
 f - 2 potions of magic {unknown}
 g - 2 potions of lignification {unknown}
 i - a potion of attraction {unknown}
 l - 2 potions of curing {unknown}
 n - a potion of enlightenment {unknown}


   Skills:
 + Level 4.1 Fighting
 * Level 3.6 Staves
 + Level 4.1 Armour
 + Level 4.9 Shields


You had 4 spell levels left.
You didn't know any spells.
Your spell library contained the following spells:

 Spells                   Type           Power      Damage    Failure   Level
 Apportation              Tloc           0%         N/A       80%         1
 Jinxbite                 Hex            0%         N/A       90%         2
 Alistair's Intoxication  Tmut/Pois      0%         N/A       100%        5


Dungeon Overview and Level Annotations

Branches:
Dungeon (3/15)

Altars:
Hepliaklqana

Shops:
D:2 [


Innate Abilities, Weirdness & Mutations

You cannot be hasted, slowed, berserked, paralysed or teleported.
You can dig through walls and to a lower floor.
You have a pair of large antennae on your head. (SInv)
Your four strong arms can wield two-handed weapons with a shield.


Message History

The gnoll hits you from afar with a +0 halberd.
The gnoll barely misses you.
You hit the gnoll but do no damage.
The gnoll is moderately wounded.
The gnoll misses you.
The gnoll hits you from afar with a +0 halberd.
The gnoll closely misses you.
You barely miss the gnoll.
The gnoll is moderately wounded.
The gnoll hits you from afar with a +0 halberd.
The gnoll closely misses you.
The gnoll hits you with a +0 spear of flaming.
The gnoll burns you.
You sock the gnoll!
You kill the gnoll!
The gnoll hits you from afar with a +0 halberd.
The gnoll misses you.
You barely miss the gnoll. The gnoll hits you but does no damage.
The gnoll barely misses you. The gnoll completely misses you.
The gnoll hits you but does no damage. The gnoll barely misses you.
You block the gnoll's attack.
You hit the gnoll but do no damage. The gnoll hits you but does no damage.
The gnoll closely misses you.
The gnoll hits you from afar with a +0 halberd!
You sock the gnoll!
The gnoll is severely wounded.
The gnoll closely misses you.
The gnoll hits you from afar with a +0 halberd.
The gnoll hits you but does no damage. The gnoll attacks as it pursues you!
The gnoll hits you with a +0 club.
You sock the gnoll!
You kill the gnoll!
The gnoll hits you with a +0 halberd!
* * * LOW HITPOINT WARNING * * *
The gnoll hits you from afar with a +0 halberd.
* * * LOW HITPOINT WARNING * * *
You see here a +0 club.
The gnoll closely misses you.
The gnoll hits you from afar with a +0 halberd.
You die...

########### ####
#.........# ... #.........#
#.. #.........# ####[.
#.........###### #.....
#............... #....[##
#...............
#.>....#####...............
+.:....gg)@'...............
#......#####.........######
#......# ###########
##+###{# ..# ..# #..# #..#


You could see 2 gnolls.

Vanquished Creatures
  A scorpion (D:3)
  2 gnolls (D:3)
  An adder (D:3)
  A worm (D:2)
  4 ball pythons
  8 endoplasms
  3 giant cockroaches
  9 goblins
  6 hobgoblins
  2 quokkas
  6 bats
  4 frilled lizards
  7 rats
54 creatures vanquished.

Notes
Turn   | Place    | Note
-------+----------+-------------------------------------------
     0 | D:1      | Ivernyr the Formicid Fighter began the quest for the Orb.
     0 | D:1      | Reached XP level 1. HP: 18/18 MP: 1/1
   143 | D:1      | Reached XP level 2. HP: 24/24 MP: 2/2
   515 | D:1      | Reached XP level 3. HP: 26/29 MP: 3/3
  1122 | D:2      | Reached XP level 4. HP: 37/37 MP: 4/4
  1237 | D:2      | Found Cizyschoy's Armour Emporium.
  1672 | D:3      | Noticed a scorpion
  1674 | D:3      | Killed a scorpion
  1675 | D:3      | Reached XP level 5. HP: 42/42 MP: 5/5
  1785 | D:3      | Found a hazy altar of Hepliaklqana.
  1880 | D:3      | Slain by a gnoll

Illustrated notes

Levels and vault maps discovered:
D:1:      wander_arrival_fairy_ring, layout_loops_ring, grunt_decor_resistance
D:2:      cheibrodos_greedy_goblins, layout_loops_ring, serial_shops,
          nicolae_shop_back_alley_shop, hangedman_decor_diamond_cutter
D:3:      layout_basic, mainiacjoe_overflow_swirl, mainiacjoe_overflow_alcove_4

Skill      XL: |  1  2  3  4 |
---------------+-------------+-----
Staves         | 3 |  3.6
Fighting       | 4 |  4.1
Armour         | 4 |  4.1
Shields        | |  4.9

Action                     |  1- 3 |  4- 6 || total
---------------------------+-------+-------++-------
  Melee: Quarterstaff      |    92 |    41 ||   133
Ability: Shaft Self        |       |     1 ||     1
 Armour: Scale mail        |    50 |    38 ||    88
  Dodge: Dodged            |    36 |    29 ||    65
  Block: Buckler           |    15 |    12 ||    27

Table legend: (Time is in decaauts)
 A = Elapsed time spent in this place.
 B = Non-inter-level travel time spent in this place.
 C = Inter-level travel time spent in this place.
 D = Time resting spent in this place.
 E = Time spent auto-exploring this place.
 F = Levels seen in this place.
 G = Mean time per level.
                   A        B        C        D        E       F      G
               +--------+--------+--------+--------+--------+-----+--------+
         Total |   1904 |   1888 |     16 |     97 |   1403 |   3 |  634.7 |
       Dungeon |   1904 |   1888 |     16 |     97 |   1403 |   3 |  634.7 |
               +--------+--------+--------+--------+--------+-----+--------+

Top non-repeatable levels by time:
     D:2: 833 daAuts
     D:1: 737 daAuts
     D:3: 333 daAuts
